 Dungeon Crawl Stone Soup version 0.21.1-1-g345015f (webtiles) character file.

227 Mirai the Conjurer (level 5, 0/28 HPs)
             Began as a Deep Elf Conjurer on Mar 23, 2018.
             Slain by a hound (4 damage)
             ... on level 4 of the Dungeon.
             The game lasted 00:12:36 (2998 turns).

Mirai the Conjurer (Deep Elf Conjurer)              Turns: 2998, Time: 00:12:37

Health: 0/28       AC:  2    Str:  5    XL:     5   Next: 70%
Magic:  12/14      EV: 13    Int: 21    God:
Gold:   207        SH:  0    Dex: 15    Spells: 3/14 levels left

rFire    . . .     SeeInvis .   h - +0 short sword
rCold    + . .     Gourm    .   (no shield)
rNeg     . . .     Faith    .   a - +0 robe
rPois    .         Spirit   .   (no helmet)
rElec    .         Reflect  .   (no cloak)
rCorr    .         Harm     .   (no gloves)
MR       .....                  (no boots)
Stlth    +++.......             (no amulet)
HPRegen  0.09/turn              r - ring of protection from cold
MPRegen  0.14/turn              (no ring)

@: no status effects
A: no striking features
a: no special abilities


You were on level 4 of the Dungeon.
You were not hungry.

You visited 1 branch of the dungeon, and saw 4 of its levels.

You collected 207 gold pieces.

Inventory:

Hand Weapons
 h - a +0 short sword (weapon)
Armour
 a - a +0 robe (worn)
Jewellery
 r - a ring of protection from cold (left hand)
 y - the ring of the Tormentor {AC+2 Dex+2, unknown}
   (You found it on level 4 of the Dungeon)

   [ring of protection]

   It affects your AC (+2).
   It affects your dexterity (+2).
Wands
 t - a wand of clouds (4)
 A - a wand of iceblast (10)
Scrolls
 f - a scroll of magic mapping {unknown}
 g - a scroll of teleportation {unknown}
 i - 3 scrolls of identify {unknown}
 j - a scroll of immolation {unknown}
 l - a scroll of enchant armour {unknown}
 m - a scroll of amnesia {unknown}
 p - a scroll of noise {unknown}
 q - a scroll of fear {unknown}
 s - 2 scrolls of remove curse {unknown}
 v - a scroll of blinking {unknown}
Potions
 d - 3 potions of heal wounds {unknown}
 e - a potion of mutation {unknown}
 k - a potion of agility {unknown}
 n - a potion of flight {unknown}
 o - 2 potions of cancellation {unknown}
 u - a potion of curing {unknown}
 w - a potion of degeneration {unknown}
 x - a potion of berserk rage {unknown}
Books
 b - a book of Conjurations

   Spells                             Type                      Level
   a - Magic Dart                     Conjuration                  1
   b - Searing Ray                    Conjuration                  2
   c - Dazzling Spray                 Conjuration/Hexes            3
   d - Fulminant Prism                Conjuration/Hexes            4
   e - Force Lance                    Conjuration/Translocation    4
   f - Iskenderun's Mystic Blast      Conjuration                  4
Comestibles
 c - 7 rations
 z - 2 chunks of flesh


   Skills:
 - Level 0.2 Fighting
 - Level 2.8 Dodging
 - Level 4.0 Stealth
 - Level 1.0 Unarmed Combat
 + Level 5.0 Spellcasting
 + Level 5.7 Conjurations
 + Level 0.6 Hexes
 + Level 0.0 Evocations


You had 3 spell levels left.
You knew the following spells:

 Your Spells              Type           Power        Failure   Level  Hunger
a - Magic Dart            Conj           ####         1%          1    None
b - Searing Ray           Conj           ####..       1%          2    None
c - Iskenderun's Mystic   Conj           ####....     10%         4    ####...
d - Fulminant Prism       Conj/Hex       ###.......   28%         4    ####...


Dungeon Overview and Level Annotations

Branches:
Dungeon (4/15)
 Temple: D:4-7

Altars:
Dithmenos
Makhleb
Okawaru
Qazlal


Message History

Aim: a hound (resting)
The magic dart hits the hound.
The hound is lightly wounded.
The hound barks!
You hear a shout! x2
There is an open door here.
The hound bites you.
An orc comes into view. It is wielding a club.
The hound bites you.
The orc throws a tomahawk.
The tomahawk hits you. The hound bites you.
* * * LOW HITPOINT WARNING * * *
You see here a tomahawk.
Casting: Magic Dart
Confirm with . or Enter, or press ? or * to list all spells.
Aiming: Magic Dart
Press: ? - help, Shift-Dir - straight line, f/p - hound
Aim: a hound (lightly wounded)
The magic dart hits the hound.
The hound is heavily wounded.
The hound bites you.
You die...

#................
#................
#................ .
###.........##....#
#.####...........##....#
................##....#
####.............##.)..#
.........##...#####....#
.......@.'......>......#
.o.....h.####..........#
###......# #####.#....#
#......# #...<...#
#....... #.......#
#........ #.#.....#
#$....... ...#.....#
##..........## #..#+## .
.....


You could see a hound and an orc.

Vanquished Creatures
  A hound (D:3)
  An orc priest (D:3)
  Ijyb (D:3)
  Natasha (twice) (D:2)
  3 adders
  2 dart slugs (D:2)
  2 orcs (D:3)
  5 giant cockroaches
  10 goblins
  4 hobgoblins
  6 jackals (D:3)
  6 kobolds
  7 bats
  3 frilled lizards
  A quokka skeleton (D:2)
  8 rats
62 creatures vanquished.

Notes
Turn   | Place    | Note
-------+----------+-------------------------------------------
     0 | D:1      | Mirai the Deep Elf Conjurer began the quest for the Orb.
     0 | D:1      | Reached XP level 1. HP: 10/10 MP: 6/6
   246 | D:1      | Reached XP level 2. HP: 15/15 MP: 0/8
  1116 | D:2      | Found an iron altar of Okawaru.
  1116 | D:2      | Found a stormy altar of Qazlal.
  1188 | D:2      | Reached skill level 5 in Conjurations
  1203 | D:2      | Reached XP level 3. HP: 4/19 MP: 3/9
  1548 | D:2      | Found a shadowy altar of Dithmenos.
  1694 | D:2      | Noticed Natasha
  1702 | D:2      | Killed Natasha
  1702 | D:2      | Reached XP level 4. HP: 23/24 MP: 4/11
  1837 | D:2      | Noticed Natasha
  1841 | D:2      | Killed Natasha
  1854 | D:2      | Learned a level 2 spell: Searing Ray
  1859 | D:2      | Learned a level 4 spell: Iskenderun's Mystic Blast
  1864 | D:2      | Learned a level 4 spell: Fulminant Prism
  1913 | D:3      | Found a burning altar of Makhleb.
  1918 | D:3      | Reached skill level 1 in Unarmed Combat
  2046 | D:3      | Noticed Ijyb
  2101 | D:3      | Killed Ijyb
  2101 | D:3      | Reached XP level 5. HP: 9/28 MP: 0/13
  2942 | D:4      | Reached skill level 5 in Spellcasting
  2969 | D:4      | Got a smoking platinum ring
  2998 | D:4      | Slain by a hound

Skill      XL: |  1  2  3  4  5 |
---------------+----------------+-----
Conjurations   | 5 |  5.7
Stealth        | 3 4 |  4.0
Spellcasting   | 4 5 |  5.0
Unarmed Combat | 1 |  1.0
Fighting       | |  0.2
Dodging        | |  2.8
Hexes          | |  0.6

Action                   |  1- 3 |  4- 6 || total
-------------------------+-------+-------++-------
Melee: Unarmed           |    20 |    12 ||    32
 Cast: Magic Dart        |    64 |    49 ||   113
       Searing Ray       |       |     4 ||     4
Evoke: Wand              |       |     2 ||     2
 Stab: Sleeping          |     2 |       ||     2
  Eat: Chunk             |     2 |     4 ||     6
Armor: Robe              |     6 |     4 ||    10
Dodge: Dodged            |    39 |    40 ||    79
